 Dungeon Crawl Stone Soup version 0.31.0-7-gf635a9b802 (webtiles) character file.

Game seed: 9231089209753901278

98 Arcadio the Sneak (level 4, -8/30 HPs)
             Began as an Octopode Brigand on Jan 23, 2024.
             Mangled by an orc wizard
             ... wielding a +1 dagger of electrocution
              (20 damage)
             ... on level 4 of the Dungeon.
             The game lasted 00:03:07 (2194 turns).

Arcadio the Sneak (Octopode Brigand)                Turns: 2194, Time: 00:03:08

Health: -8/30      AC:  5    Str: 10    XL:     4   Next: 69%
Magic:  4/4        EV: 13    Int: 19    God:
Gold:   128        SH:  0    Dex: 15    Spells: 3/3 levels left

rFire   . . .        a - +2 dagger
rCold   . . .        (no shield)
rNeg    . . .        (helmet restricted)
rPois   .            (no amulet)
rElec   .            l - ring of flight
rCorr   .            n - +4 ring of protection
SInv    .            o - +6 ring of intelligence
Will    +....        x - ring of willpower
Stlth   ++++         (no ring)
HPRegen 0.25/turn    (no ring)
MPRegen 0.09/turn    (no ring)
                     (no ring)

%: no passive effects
@: flying
A: almost no armour, amphibious, 8 rings, camouflage 1, gelatinous body 1,
(nimble swimmer 1), tentacles
a: no special abilities


You were on level 4 of the Dungeon.
You visited 1 branch of the dungeon, and saw 4 of its levels.

You collected 128 gold pieces.

Inventory:

Hand Weapons
 a - a +2 dagger (weapon)
Missiles
 b - 14 poisoned darts (quivered)
 c - 3 curare-tipped darts
Jewellery
 l - a ring of flight (left tentacle)
 n - a +4 ring of protection (right tentacle)
 o - a +6 ring of intelligence (on tentacle)
 x - a ring of willpower (on tentacle)
Wands
 v - a wand of flame (16)
Scrolls
 e - a scroll of immolation {unknown}
 h - a scroll of amnesia {unknown}
 i - a scroll of enchant weapon {unknown}
 j - a scroll of poison {unknown}
 m - 2 scrolls of teleportation {unknown}
 p - a scroll of fog {unknown}
 r - 2 scrolls of identify
 t - a scroll of vulnerability {unknown}
Potions
 d - 2 potions of might
 f - 2 potions of magic
 g - a potion of lignification
 k - a potion of invisibility
 q - 4 potions of degeneration {unknown}
 s - 2 potions of curing {unknown}
 u - a potion of heal wounds {unknown}
 w - a potion of cancellation {unknown}


   Skills:
 + Level 2.9 Fighting
 + Level 2.8 Short Blades
 - Level 2.0 Throwing
 + Level 2.2 Dodging
 + Level 6.2 Stealth


You had 3 spell levels left.
You didn't know any spells.
Your spell library contained the following spells:

 Spells                   Type           Power      Damage    Failure   Level
 Summon Small Mammal      Summ           0%         N/A       21%         1
 Call Canine Familiar     Summ           0%         N/A       52%         3
 Summon Blazeheart Golem  Fire/Summ      0%         N/A       90%         4


Dungeon Overview and Level Annotations

Branches:
Dungeon (4/15)
 Temple: D:4-7

Altars:
Yredelemnul


Innate Abilities, Weirdness & Mutations

You cannot wear most types of armour.
You are amphibious.
You can wear up to eight rings at the same time.
Your skin changes colour to match your surroundings (Stealth+).
Your rubbery body absorbs attacks. (AC +1, EV +1)
((You are camouflaged when in or above water. (Stealth+)))
You have tentacles for arms and can constrict up to eight enemies at once.


Message History

r - 2 scrolls of identify (gained 1)
x - a ring of willpower
x - a ring of willpower (on tentacle)
There is a stone staircase leading up here.
m - 2 scrolls labelled WAID ZE DUUN (gained 1)
s - 2 puce potions (gained 1)
d - 2 potions of might (gained 1)
You now have 123 gold pieces (gained 16).
You now have 128 gold pieces (gained 5).
An orc wizard and 2 orcs come into view.
The orc wizard is wielding a +1 dagger of electrocution.
You see here 2 pink potions.
You see here a pink potion.
q - 2 pink potions (gained 1)
You see here 2 pink potions.
q - 4 pink potions (gained 2)
An orc comes into view. It is wielding a +0 short sword.
An orc priest comes into view. It is wielding a +0 hand axe.
The orc wizard shouts!
The orc shouts! x3; The orc priest shouts!
The orc hits you but does no damage.
You hit the orc but do no damage. You grab the orc.
You constrict the orc, but do no damage.
The orc barely misses you.
You release your grip on the orc.
The orc hits you but does no damage.
You closely miss the orc. Your grab misses the orc. The orc barely misses you.
You hit the orc. You grab the orc.
The orc is severely wounded.
You constrict the orc.
The orc wizard mumbles some strange words.
The orc wizard flickers and vanishes!
Deactivating autopickup; reactivate with Ctrl-A.
The orc hits you with a +0 short sword.
You hit the orc.
You kill the orc!
You miss something. Something hits you.
You are electrocuted!
The orc priest begins to cast a cantrip, but forgets the words!
You hit something but do no damage. Something hits you but does no damage.
You are electrocuted!!
Ouch! That really hurt!
You die...

..# ... ..##... ......
....... #...... .......
#....... ........
#.......
..##...####.....##
.................#
.######..........#
.....#.........#@# .###
.....#.........#{#.....
.....#..........o...##
...>.#...........oo..#
..................#..#
............=........#
..................##.#
..................# #
...................#


You could see an orc priest and 2 orcs.

Vanquished Creatures
  3 adders (D:2)
  3 dart slugs
  A ribbon worm (D:2)
  An orc (D:4)
  4 bats
  3 endoplasms
  2 giant cockroaches (D:1)
  8 goblins
  10 hobgoblins
  4 jackals (D:1)
  3 quokkas
  5 ball pythons
  3 frilled lizards
  4 kobolds
  A rat (D:1)
55 creatures vanquished.

Notes
Turn   | Place    | Note
-------+----------+-------------------------------------------
     0 | D:1      | Arcadio the Octopode Brigand began the quest for the Orb.
     0 | D:1      | Reached XP level 1. HP: 14/14 MP: 1/1
    46 | D:1      | Reached XP level 2. HP: 19/19 MP: 2/2
    67 | D:1      | Noticed a shining eye
    68 | D:1      | Found a faded altar of an unknown god.
    71 | D:1      | Noticed a glass eye
    71 | D:1      | Noticed a shining eye
    71 | D:1      | Noticed an eye of devastation
   350 | D:1      | Reached XP level 3. HP: 14/25 MP: 3/3
   885 | D:2      | Reached skill level 6 in Stealth
   937 | D:2      | Found a basalt altar of Yredelemnul.
   945 | D:2      | Reached XP level 4. HP: 30/30 MP: 4/4
  2194 | D:4      | Mangled by an orc wizard

Illustrated notes

Levels and vault maps discovered:
D:1:      scummos_arrival_hexagon, layout_loops_cross,
          hellmonk_ecumenical_altar_watching_god
D:2:      layout_loops_ring, basic_altar, hangedman_abyss_or_decor_lesser_grid,
          chequers_serial_rivers_micro_a
D:3:      layout_loops_ring
D:4:      layout_basic, minmay_temple_entry_waves, serial_shops, shop

Skill      XL: |  1  2  3 |
---------------+----------+-----
Dodging        | 2 |  2.2
Stealth        | 6 |  6.2
Fighting       | |  2.9
Short Blades   | |  2.8
Throwing       | |  2.0

Action                     |  1- 3 |  4- 6 || total
---------------------------+-------+-------++-------
  Melee: Dagger            |    64 |    38 ||   102
         Constrict         |    17 |     7 ||    24
         Tentacles         |    11 |     1 ||    12
    Use: Scroll            |       |     4 ||     4
   Stab: Sleeping          |    16 |     5 ||    21
 Armour: Skin              |    21 |    13 ||    34
  Dodge: Dodged            |    27 |    11 ||    38
